 Dungeon Crawl Stone Soup version 0.30-a0-1008-g30c9307041 (webtiles) character file.

Game seed: 1413777548050127635

679 jimonade the Changer (level 7, -3/52 HPs)
             Began as a White Draconian Transmuter on Apr 5, 2023.
             Was a Follower of Cheibriados.
             Slain by a gnoll sergeant
             ... wielding a +4 spear of flaming
              (12 damage)
             ... on level 6 of the Dungeon.
             The game lasted 00:18:58 (5475 turns).

jimonade the Changer (White Draconian Transmuter)   Turns: 5475, Time: 00:18:59

Health: -3/52      AC:  7    Str: 17    XL:     7   Next: 34%
Magic:  12/12      EV: 13    Int: 16    God:    Cheibriados [*.....]
Gold:   243        SH:  0    Dex: 15    Spells: 10/13 levels left

rFire   . . .      SeeInvis .      - Unarmed
rCold   + . .      Faith    .    (no shield)
rNeg    . . .      Spirit   .    (body armour unavailable)
rPois   .          Reflect  .    (helmet currently unavailable)
rElec   .          Rampage  .    (no cloak)
rCorr   .                        c - +0 pair of gloves
Will    .....                    d - melded +0 pair of boots
Stlth   ++                       (no amulet)
HPRegen 0.28/turn                (no ring)
MPRegen 0.13/turn                (no ring)

@: appendages, wereblooded (expiring), very slow
A: horns 2, talons 2, breathe frost, AC +6, unfitting armour, cold resistance 1,
cold-blooded
a: Breathe Frost, End Transformation, Renounce Religion, Bend Time


You were on level 6 of the Dungeon.
You worshipped Cheibriados.
Cheibriados was aware of your devotion.
You had temporarily grown beastly horns and talons.
You visited 2 branches of the dungeon, and saw 7 of its levels.

You collected 243 gold pieces.

Inventory:

Hand Weapons
 e - a +0 quarterstaff
 j - a +0 spear
 p - a +1 whip of venom
Missiles
 n - 12 poisoned darts
Armour
 c - a +0 pair of gloves (worn)
 d - a +0 pair of boots (melded)
 y - an orb of energy
Magical Staves
 l - a staff of cold
 o - a staff of air
Jewellery
 v - a ring of ice
Wands
 s - a wand of roots (13)
Scrolls
 f - 2 scrolls of blinking {unknown}
 g - a scroll of fog
 i - a scroll of amnesia
 k - 4 scrolls of teleportation
 m - a scroll of enchant weapon {unknown}
 r - a scroll of immolation {unknown}
 w - a scroll of poison {unknown}
 x - 2 scrolls of vulnerability {unknown}
Potions
 a - a potion of lignification
 b - a potion of attraction
 h - 3 potions of heal wounds
 q - a potion of flight
 t - a potion of invisibility
 u - 2 potions of berserk rage


   Skills:
 + Level 1.2 Fighting
 + Level 2.8 Dodging
 + Level 0.7 Stealth
 + Level 5.0 Unarmed Combat
 + Level 3.7 Spellcasting
 * Level 5.4 Transmutations
 * Level 0.4 Ice Magic


You had 10 spell levels left.
You knew the following spells:

 Your Spells              Type           Power      Damage    Failure   Level
a - Beastly Appendage     Tmut           40%        N/A       1%          1
b - Wereblood             Tmut           20%        N/A       2%          2

Your spell library contained the following spells:

 Spells                   Type           Power      Damage    Failure   Level
 Summon Small Mammal      Summ           12%        N/A       17%         1
 Spider Form              Tmut/Pois      11%        N/A       17%         3
 Sublimation of Blood     Necr           3%         N/A       26%         2
 Ozocubu's Armour         Ice            4%         N/A       38%         3
 Call Canine Familiar     Summ           3%         N/A       45%         3
 Summon Guardian Golem    Hex/Summ       3%         N/A       45%         3
 Ice Form                 Ice/Tmut       12%        N/A       45%         4
 Ozocubu's Refrigeration  Ice            2%         4d7       100%        7
 Summon Hydra             Summ           1%         N/A       100%        7


Dungeon Overview and Level Annotations

Branches:
Dungeon (6/15)             Temple (1/1) D:4

Altars:
Ashenzari
Cheibriados
Dithmenos
Fedhas
Gozag
Hepliaklqana
Kikubaaqudgha
Makhleb
Nemelex Xobeh
Okawaru
Qazlal
Sif Muna
Trog
Vehumet
Wu Jian
Xom
Yredelemnul
Zin
The Shining One

Shops:
D:1 :?((


Innate Abilities, Weirdness & Mutations

You have temporarily grown beastly horns and talons.
You can breathe waves of freezing cold which knock back foes.
Your icy white scales are hard. (AC +6)
You cannot fit into any form of body armour.
Your flesh is cold resistant. (rC+)
You are cold-blooded and may be slowed by cold attacks.


Message History

You barely miss the gnoll. You claw the gnoll. Your headbutt misses the gnoll.
The gnoll is moderately wounded.
The gnoll hits you with a +0 club.
You punch the gnoll! Your kick misses the gnoll. You headbutt the gnoll.
You feel a bit better.
You kill the gnoll!
Cheibriados appreciates the change of pace.
The gnoll hits you from afar with a +0 halberd.
A gnoll comes into view. It is wielding a +0 halberd.
The gnoll completely misses you. The gnoll sergeant closely misses you.
A gnoll comes into view. It is wielding a +0 club.
The gnoll sergeant hits you from afar with a +4 spear of flaming.
The gnoll sergeant burns you. The gnoll hits you with a +0 halberd!
You see here a +0 club.
The gnoll shouts! x2
You punch the gnoll!
You headbutt the gnoll, but do no damage.
You punch the gnoll.
The gnoll is severely wounded.
You hit the gnoll.
You feel a bit better.
You kill the gnoll!
Cheibriados appreciates the change of pace.
The gnoll sergeant hits you from afar with a +4 spear of flaming.
The gnoll sergeant burns you.
You howl as the wereblood boils in your veins!
The gnoll sergeant hits you from afar with a +4 spear of flaming.
The gnoll sergeant burns you.
You howl as the wereblood boils in your veins!
The gnoll sergeant closely misses you.
You howl as the wereblood boils in your veins!
The gnoll sergeant hits you but does no damage.
Your primal bloodlust is almost over.
The gnoll sergeant hits you from afar with a +4 spear of flaming!
* * * LOW HITPOINT WARNING * * *
The gnoll sergeant burns you.
* * * LOW HITPOINT WARNING * * *
You howl as the wereblood boils in your veins!
There is a stone staircase leading up here.
The gnoll sergeant hits you from afar with a +4 spear of flaming!
You die...

### #@# #.# #g#
#g# #g#
##.#######.#.##
#.g..g.gg......
##########.#.##


You could see a gnoll sergeant and 3 gnolls.

Vanquished Creatures
  An ice beast (D:5)
  A scorpion (D:5)
  An orc priest (D:5)
  A jelly (D:5)
  A sleepcap (D:5)
  4 iguanas
  3 orc wizards
  11 gnolls
  6 adders
  A shadow imp (D:5)
  A worm (D:3)
  10 orcs
  6 ball pythons
  8 bats
  5 endoplasms
  3 giant cockroaches
  5 goblins
  8 hobgoblins
  4 jackals
  13 kobolds
  2 quokkas
  3 frilled lizards
  3 rats (D:1)
101 creatures vanquished.

Notes
Turn   | Place    | Note
-------+----------+-------------------------------------------
     0 | D:1      | jimonade the Draconian Transmuter began the quest for the
                  | Orb.
     0 | D:1      | Reached XP level 1. HP: 16/16 MP: 3/3
    37 | D:1      | Found Seddanog's Weapon Shop.
    79 | D:1      | Found Jiuzxiwk's Antique Weapon Emporium.
   421 | D:1      | Reached XP level 2. HP: 22/23 MP: 5/5
   572 | D:1      | Found Jirinats's Magic Scroll Boutique.
   759 | D:1      | Found a faded altar of an unknown god.
   848 | D:1      | Found Reuvate's Book Emporium.
  1041 | D:1      | Reached XP level 3. HP: 27/28 MP: 4/6
  1168 | D:2      | Learned a level 2 spell: Wereblood
  1852 | D:2      | Reached XP level 4. HP: 21/35 MP: 5/8
  2056 | D:2      | Reached XP level 5. HP: 40/40 MP: 9/9
  3376 | D:4      | Found a staircase to the Ecumenical Temple.
  3395 | Temple   | Entered the Ecumenical Temple
  3395 | Temple   | Found a transporter.
  3395 | Temple   | Found a transporter.
  3398 | Temple   | Found a transporter.
  3398 | Temple   | Found a transporter.
  3426 | Temple   | Became a worshipper of Cheibriados the Contemplative
  4192 | D:4      | Reached XP level 6. HP: 47/47 MP: 7/10
  4723 | D:5      | Entered Level 5 of the Dungeon
  4737 | D:5      | Reached * piety under Cheibriados
  4764 | D:5      | Noticed an ice beast
  4772 | D:5      | Killed an ice beast
  4968 | D:5      | Reached skill level 5 in Transmutations
  4973 | D:5      | Your scales start taking on an icy white colour.
  4973 | D:5      | Reached XP level 7. HP: 52/52 MP: 9/12
  4973 | D:5      | Gained mutation: Your flesh is cold resistant. (rC+) [White
                  | Draconian growth]
  5125 | D:5      | Reached skill level 5 in Unarmed Combat
  5475 | D:6      | Slain by a gnoll sergeant

Illustrated notes

Levels and vault maps discovered:
D:1:      dpeg_arrival_windows_large_door, layout_basic, serial_shops, shop,
          shop, shop, nicolae_shop_crystal,
          hellmonk_ecumenical_altar_dog_temple, minmay_pentomino_p2
D:2:      minmay_kobold_bridge, layout_loops_corners
D:3:      layout_loops_cross
D:4:      layout_layer_cave, minmay_temple_entry_junction, eino_tiny_chamber
D:5:      layout_basic
D:6:      layout_basic, kennysheep_generic_room_13
Temple:   hellmonk_temple_divided_pantheon

Skill      XL: |  1  2  3  4  5  6  7 |
---------------+----------------------+-----
Dodging        | 2 |  2.8
Spellcasting   | 3 |  3.7
Transmutations | 3 4 5 |  5.4
Unarmed Combat | 4 5 |  5.0
Fighting       | |  1.2
Stealth        | |  0.7
Ice Magic      | |  0.4

Action                     |  1- 3 |  4- 6 |  7- 9 || total
---------------------------+-------+-------+-------++-------
  Melee: Unarmed           |    92 |   191 |    24 ||   307
         Headbutt          |    10 |    30 |     6 ||    46
         Tailslap          |    10 |    26 |     4 ||    40
         Kick              |    15 |    57 |     7 ||    79
         Punch             |     3 |     1 |     3 ||     7
   Cast: Beastly Appendage |    25 |    27 |     4 ||    56
         Wereblood         |     2 |     9 |     2 ||    13
  Evoke: Wand              |       |     1 |       ||     1
    Use: Scroll            |       |     8 |       ||     8
   Stab: Sleeping          |     1 |     1 |       ||     2
 Armour: Skin              |    25 |    54 |     8 ||    87
  Dodge: Dodged            |    72 |   107 |    13 ||   192

Table legend: (Time is in decaauts)
 A = Elapsed time spent in this place.
 B = Non-inter-level travel time spent in this place.
 C = Inter-level travel time spent in this place.
 D = Time resting spent in this place.
 E = Time spent auto-exploring this place.
 F = Levels seen in this place.
 G = Mean time per level.
                   A        B        C        D        E       F      G
               +--------+--------+--------+--------+--------+-----+--------+
         Total |   6009 |   5872 |    137 |    339 |   4021 |   7 |  858.4 |
       Dungeon |   5964 |   5844 |    120 |    339 |   4015 |   6 |  994.0 |
        Temple |     45 |     28 |     17 |      0 |      6 |   1 |   45.0 |
               +--------+--------+--------+--------+--------+-----+--------+

Top non-repeatable levels by time:
     D:4: 1840 daAuts
     D:1: 1154 daAuts
     D:2: 1058 daAuts
     D:3: 953 daAuts
     D:5: 922 daAuts
  Temple: 45 daAuts
     D:6: 35 daAuts
